 Dungeon Crawl Stone Soup version bcrawl-1.31 (webtiles) character file.

Game seed: 3787655347129662059

149864 Morbidden the Sneak (level 5, -2/54 HPs)
             Began as an Ent Archaeologist on Apr 7, 2021.
             Killed by divine providence
             ... invoked by an orc priest
              (12 damage)
             ... on level 5 of the Dungeon.
             The game lasted 00:02:07 (2483 turns).

Morbidden the Sneak (Ent Archaeologist)             Turns: 2483, Time: 00:02:07

Health: -2/54      AC: 13    Str: 19    XL:     5   Next: 25%
Magic:  5/5        EV: 10    Int: 15    God:
Gold:   66         SH:  0    Dex:  8    Spells: 4/4 levels left

rFire    + . .     SeeInvis .   a - +0 flail
rCold    . . .     Gourm    .   (no shield)
rNeg     + + +     Faith    .   (armour unavailable)
rPois    +         Spirit   .   c - +1 hat
rElec    .         Reflect  .   (no cloak)
rCorr    .         Harm     .   (gloves unavailable)
MR       .....                  (boots unavailable)
Stlth    ++........             (no amulet)
HPRegen  0.18/turn              q - ring of protection from fire
MPRegen  0.09/turn              (no ring)

@: very slow
A: large, slow actions, passwall, strong branches, negative energy resistance 3,
poison resistance, slow metabolism 1, torment resistance, unbreathing, AC +12
a: Passwall


You were on level 5 of the Dungeon.
You were hungry.

You visited 1 branch of the dungeon, and saw 4 of its levels.

You collected 66 gold pieces.

Inventory:

Hand Weapons
 a - a +0 flail (weapon)
 b - a +0 blowgun
Missiles
 d - 6 curare-tipped needles
 u - 119 poisoned needles
 x - 43 javelins (quivered)
Armour
 c - a +1 hat (worn)
Jewellery
 q - a ring of protection from fire (left hand)
Scrolls
 f - a scroll of acquirement
 g - 3 scrolls of magic mapping
 i - a scroll of identify
 j - a scroll of noise {unknown}
 k - 2 scrolls of teleportation {unknown}
 l - 2 scrolls of remove curse {unknown}
 n - a scroll of fear {unknown}
 w - a scroll of fog {unknown}
Potions
 h - 2 potions of haste {unknown}
 m - 2 potions of brilliance {unknown}
 o - 4 potions of lignification {unknown}
 p - a potion of flight {unknown}
 r - a potion of agility {unknown}
 t - a potion of mutation {unknown}
 v - a potion of berserk rage {unknown}
Comestibles
 e - 5 rations {!d}


   Skills:
 * Level 2.4 Fighting
 + Level 3.4 Maces & Flails
 + Level 3.7 Dodging
 + Level 4.7 Stealth


You had 4 spell levels left.
You didn't know any spells.
Your spell library was empty.

Dungeon Overview and Level Annotations

Branches:
Dungeon (3/12)

Altars:
Ashenzari
Makhleb
Xom


Innate Abilities, Weirdness & Mutations

You move and act slowly.
You can pass through walls and trees.
Your branches can wield two-handed weapons with a shield.
Your thick bark is tough. (AC +12)
You are too large for most types of armour.
You are immune to negative energy. (rN+++)
Your system is resistant to poisons. (rPois)
You have a slow metabolism.
You are immune to unholy pain and torment.
You can survive without breathing.


Message History

The orc shouts!
You closely miss the orc priest.
The orc priest is moderately wounded.
The orc closely misses you. The orc priest misses you.
The orc barely misses you.
No path to travel!
Throwing (i - inventory)
x - 44 javelins (quivered)
Press: ? - help, Shift-Dir - straight line, f/p - orc priest
Aim: an orc priest, wielding a +0 falchion and wearing a +0 leather armour (moderately wounded)
You throw a javelin.
The javelin closely misses the orc priest.
The orc priest calls down the wrath of Beogh upon you.
Beogh smites you!
* * * LOW HITPOINT WARNING * * *
The orc misses you. The orc closely misses you.
You barely miss the orc priest.
The orc priest is moderately wounded.
The orc priest invokes the aid of Beogh against you.
Beogh smites you!
You die...

# .# ####.######
.#
#.........####.#
#.......#.###
#.#####.#...##
#. #......# ..
#......# ##.
#[o..?.# #o
#@#...##
#......o.......#
##.#...##.####.#
..... .# #
#.#... ## # #...
##.. #..


You could see an orc priest and an orc.

Vanquished Creatures
  A hound (D:2)
  An orc priest (D:5)
  An orc wizard (D:5)
  Terence (D:2)
  An ooze (D:2)
  3 worms (D:2)
  A dart slug (D:3)
  3 leopard geckos
  2 orcs
  3 ball pythons
  3 giant cockroaches (D:1)
  A goblin (D:1)
  5 hobgoblins
  5 kobolds
  A quokka (D:2)
  2 bats
  2 frilled lizards (D:2)
  3 rats
39 creatures vanquished.

Notes
Turn   | Place    | Note
-------+----------+-------------------------------------------
     0 | D:1      | Morbidden the Ent Archaeologist began the quest for the
                  | Orb.
     0 | D:1      | Reached XP level 1. HP: 21/21 MP: 1/1
   286 | D:1      | Reached XP level 2. HP: 25/29 MP: 2/2
   711 | D:1      | Found a shimmering blue altar of Sif Muna.
   713 | D:1      | Found a shimmering altar of Xom.
   713 | D:1      | Found a sparkling altar of Nemelex Xobeh.
   716 | D:1      | Found a stormy altar of Qazlal.
   716 | D:1      | Found a basalt altar of Yredelemnul.
   716 | D:1      | Found a white marble altar of Elyvilon.
   721 | D:1      | Reached skill level 4 in Stealth
  1060 | D:2      | Found a burning altar of Makhleb.
  1077 | D:2      | Reached XP level 3. HP: 25/36 MP: 3/3
  1628 | D:2      | Reached XP level 4. HP: 31/46 MP: 4/4
  1945 | D:2      | Noticed Terence
  1959 | D:2      | Killed Terence
  2203 | D:3      | Found a shattered altar of Ashenzari.
  2425 | D:3      | You fall into a shaft and drop 2 floors!
  2425 | D:5      | Entered Level 5 of the Dungeon
  2462 | D:5      | Reached XP level 5. HP: 37/53 MP: 5/5
  2462 | D:5      | Identified a scroll of acquirement
  2483 | D:5      | Killed from afar by an orc priest

Skill      XL: |  1  2  3  4 |
---------------+-------------+-----
Dodging        | 3 |  3.7
Stealth        | 4 |  4.7
Maces & Flails | 2 3 |  3.4
Fighting       | 2 |  2.4

Action                   |  1- 3 |  4- 6 || total
-------------------------+-------+-------++-------
Melee: Whip              |   113 |    15 ||   128
       Flail             |       |    44 ||    44
Throw: Javelin           |       |     8 ||     8
  Use: Scroll            |       |     1 ||     1
 Stab: Sleeping          |     6 |     4 ||    10
  Eat: Chunk             |     4 |     5 ||     9
Armor: Skin              |    69 |    40 ||   109
Dodge: Dodged            |    79 |    48 ||   127
